 Dungeon Crawl Stone Soup version 0.27.1-34-g3ba077fa99 (webtiles) character file.

Game seed: 8016403791840322141

158 KamiKatze the Shield-Bearer (level 5, -1/33 HPs)
             Began as a Gargoyle Fighter on Jan 8, 2022.
             Killed by divine providence
             ... invoked by an orc priest
              (15 damage)
             ... on level 4 of the Dungeon.
             The game lasted 00:09:46 (2914 turns).

KamiKatze the Shield-Bearer (Gargoyle Fighter)      Turns: 2914, Time: 00:09:47

Health: -1/33      AC: 12    Str: 21    XL:     5   Next: 39%
Magic:  1/1        EV:  7    Int:  8    God:
Gold:   235        SH:  9    Dex:  9    Spells: 4/4 levels left

rFire    . . .     SeeInvis .   q - +4 hand axe of Fortitude {antimagic, rElec}
rCold    . . .     Faith    .   c - +0 kite shield
rNeg     + . .     Spirit   .   b - +0 scale mail
rPois    ∞         Reflect  .   m - +0 helmet
rElec    +         Harm     .   (no cloak)
rCorr    .         Rampage  .   (no gloves)
Will     .....                  (no boots)
Stlth    ..........             (no amulet)
HPRegen  0.11/turn              (no ring)
MPRegen  0.07/turn              (no ring)

@: hasted, very quick
A: sickness immunity, AC +4, negative energy resistance 1, electricity
resistance, torment resistance 1, petrification resistance
a: no special abilities


You were on level 4 of the Dungeon.
You visited 1 branch of the dungeon, and saw 4 of its levels.

You collected 235 gold pieces.

Inventory:

Hand Weapons
 a - a +0 war axe
 p - a +2 morningstar of protection
 q - the +4 hand axe of Fortitude (weapon) {antimagic, rElec}
   (You found it on level 4 of the Dungeon)

   It reduces the magical energy of the wielder, and disrupts the spells and
   magical abilities of those it strikes.
   Natural abilities and divine invocations are not affected.
   rElec:     It insulates you from electricity.
Missiles
 g - 141 stones (quivered)
 n - 15 poisoned darts
Armour
 b - a +0 scale mail (worn)
 c - a +0 kite shield (worn)
 j - a +0 chain mail
 m - a +0 helmet (worn)
Wands
 d - a wand of flame (6)
Scrolls
 e - 2 scrolls of identify
 l - a scroll of noise {unknown}
Potions
 f - 2 potions of attraction
 o - a potion of mutation


   Skills:
 + Level 3.9 Fighting
 * Level 3.1 Axes
 + Level 4.0 Armour
 * Level 4.6 Shields


You had 4 spell levels left.
You didn't know any spells.
Your spell library contained the following spells:

 Spells                   Type           Power      Damage    Failure   Level
 Corona                   Hex            0%         N/A       99%         1
 Freeze                   Ice            0%         1d3       99%         1
 Magic Dart               Conj           0%         1d3       99%         1
 Shock                    Conj/Air       0%         1d3       99%         1
 Ensorcelled Hibernation  Hex/Ice        0%         N/A       100%        2
 Searing Ray              Conj           0%         3d3       100%        2
 Frozen Ramparts          Ice            0%         1d2       100%        3
 Swiftness                Air            0%         N/A       100%        3
 Tukima's Dance           Hex            0%         N/A       100%        3
 Airstrike                Air            0%         N/A       100%        4
 Fulminant Prism          Conj/Hex       0%         3d6       100%        4
 Hailstorm                Conj/Ice       0%         3d3       100%        4
 Petrify                  Tmut/Erth      0%         N/A       100%        4
 Metabolic Englaciation   Hex/Ice        0%         N/A       100%        5
 Statue Form              Tmut/Erth      Unusable   N/A       N/A         6

Dungeon Overview and Level Annotations

Branches:
Dungeon (4/15)
 Temple: D:4-7

Altars:


Innate Abilities, Weirdness & Mutations

You are immune to sickness and miasma.
Your stone body is resilient. (AC +4)
You are immune to poison.
You resist negative energy. (rN+)
You are resistant to electric shocks. (rElec)
You are resistant to unholy torment.
You are immune to petrification.


Message History

The orc priest invokes the aid of Beogh against you.
Beogh smites you!
* * * LOW HITPOINT WARNING * * *
The orc priest miscasts a cantrip.
You hear some strange, mumbled words.
Something tries to affect you, but you resist.
You hear some strange, mumbled words.
You are confused.
Something hits you but does no damage.
You miss something. Something hits you.
* * * LOW HITPOINT WARNING * * *
You're too confused to move!
Something hits you but does no damage.
You feel better. Something hits you.
You barely miss something. Something hits you but does no damage.
The orc priest mumbles some strange prayers to Beogh against you.
Beogh smites you!
* * * LOW HITPOINT WARNING * * *
You barely miss something.
You hear some strange, mumbled words.
A puff of flame appears from out of thin air!
The puff of flame hits you.
* * * LOW HITPOINT WARNING * * *
You block something's attack.
Unknown command.
You feel better.
The orc priest looks satisfied for a moment.
Something hits you but does no damage.
As you read the scroll labelled ENO QEIRISM, it crumbles to dust.
The scroll dissolves into smoke.
It was a scroll of fog.
Something hits you but does no damage.
An orc priest comes into view. It is wielding a +0 short sword.
The orc priest shouts!
You feel yourself speed up.
An orc wizard appears from thin air!
Reactivating autopickup.
The orc wizard mumbles some strange words.
The orc wizard flickers and vanishes!
Deactivating autopickup; reactivate with Ctrl-A.
The orc priest calls down the wrath of Beogh upon you.
Beogh smites you!
You die...

## ##.#######
#.#....o.#####
...#.....{o.o§o§#
.......@###.###§#
.........##.# #§#
..........#o# #§#
#........#..# #§#
#.#.....##.## #o#
##+##....##§####§#
##...##.#..§§.o.oo#
########.....######.######
........<.....## #..##


You could see 2 orc priests and 2 orcs.

Vanquished Creatures
  Ijyb (D:3)
  Robin (D:2)
  3 adders
  4 worms
  A dart slug (D:2)
  An orc (D:3)
  4 endoplasms
  5 giant cockroaches
  14 goblins
  11 hobgoblins
  3 jackals (D:1)
  3 kobolds
  2 quokkas
  10 ball pythons
  2 bats (D:3)
  4 frilled lizards
  8 rats
77 creatures vanquished.

Vanquished Creatures (others)
  2 fungi (D:1)
  3 plants (D:1)
5 creatures vanquished.

Grand Total: 82 creatures vanquished

Notes
Turn   | Place    | Note
-------+----------+-------------------------------------------
     0 | D:1      | KamiKatze the Gargoyle Fighter began the quest for the Orb.
     0 | D:1      | Reached XP level 1. HP: 14/14 MP: 1/1
   127 | D:1      | Reached XP level 2. HP: 19/19 MP: 2/2
   623 | D:1      | Reached XP level 3. HP: 10/23 MP: 3/3
   651 | D:1      | Found a faded altar of an unknown god.
  1186 | D:2      | Reached XP level 4. HP: 24/28 MP: 4/4
  1645 | D:3      | Noticed Robin
  1669 | D:2      | Killed Robin
  2032 | D:3      | Reached XP level 5. HP: 33/33 MP: 5/5
  2274 | D:3      | Noticed Ijyb
  2290 | D:3      | Killed Ijyb
  2813 | D:4      | Identified the +4 hand axe of Fortitude {antimagic, rElec}
  2914 | D:4      | Killed from afar by an orc priest

Illustrated notes

Levels and vault maps discovered:
D:1:      tarquinn_simple_flora_water_d, layout_rooms,
          dreamdust_ecumenical_altar_grove
D:2:      layout_basic
D:3:      layout_basic, minmay_quadrilaterals, uniq_robin, uniq_ijyb
D:4:      layout_loops_corners, cheibriados_altar_1,
          mainiacjoe_overflow_cross_hatched, mainiacjoe_overflow_catwalk_spiral

Skill      XL: |  1  2  3  4  5 |
---------------+----------------+-----
Axes           | 2 3 |  3.1
Shields        | 4 |  4.6
Armour         | 4 |  4.0
Fighting       | |  3.9

Action                   |  1- 3 |  4- 6 || total
-------------------------+-------+-------++-------
Melee: War axe           |   113 |   109 ||   222
       Hand axe          |       |    11 ||    11
  Use: Scroll            |       |     5 ||     5
       Potion            |       |     4 ||     4
Armor: Scale mail        |    42 |    73 ||   115
Dodge: Dodged            |    32 |    32 ||    64
Block: Kite shield       |    51 |    60 ||   111
